 Dungeon Crawl Stone Soup version 0.27.1-33-g824d729ab1 (webtiles) character file.

Game seed: 15375453542743037198

1182 hamarrboo the Ruffian (level 8, -5/66 HPs)
             Began as a Ghoul Monk on Dec 5, 2021.
             Slain by a wraith (6 damage)
             ... on level 4 of the Dungeon.
             The game lasted 00:27:27 (5914 turns).

hamarrboo the Ruffian (Ghoul Monk)                  Turns: 5914, Time: 00:27:28

Health: -5/66      AC:  9    Str: 16    XL:     8   Next: 42%
Magic:  7/7        EV: 11    Int:  5    God:
Gold:   212        SH:  0    Dex: 12    Spells: 7/7 levels left

rFire    . . .     SeeInvis .     - Unarmed
rCold    + + .     Faith    .   (no shield)
rNeg     + + +     Spirit   .   r - +0 scale mail {rC+}
rPois    ∞         Reflect  .   (no helmet)
rElec    .         Harm     .   m - +0 cloak
rCorr    .         Rampage  .   (no gloves)
Will     .....                  c - +0 pair of boots
Stlth    +.........             (no amulet)
HPRegen  0.00/turn              o - ring of flight
MPRegen  0.10/turn              (no ring)

@: flying, inhibited regen, slowed, very slow
A: claws 1, cold resistance 1, negative energy resistance 3, inhibited
regeneration, torment resistance 2
a: no special abilities


You were on level 4 of the Dungeon.
You visited 1 branch of the dungeon, and saw 6 of its levels.

You collected 212 gold pieces.

Inventory:

Hand Weapons
 i - a +2 dagger of venom
Missiles
 j - 10 poisoned darts (quivered)
 p - 5 silver javelins
Armour
 c - a +0 pair of boots (worn)
 m - a +0 cloak (worn)
 r - a +0 scale mail of cold resistance (worn)
Jewellery
 o - a ring of flight (left claw)
Scrolls
 b - 4 scrolls of teleportation {unknown}
 d - a scroll of holy word {unknown}
 e - 4 scrolls of identify {unknown}
 f - a scroll of enchant armour {unknown}
 h - a scroll of blinking {unknown}
 s - a scroll of enchant weapon {unknown}
 t - a scroll of noise {unknown}
Potions
 a - 2 potions of might {unknown}
 g - a potion of heal wounds {unknown}
 k - a potion of curing {unknown}
 l - a potion of brilliance {unknown}
 n - a potion of resistance {unknown}
 q - a potion of flight {unknown}


   Skills:
 + Level 4.1 Fighting
 + Level 3.1 Throwing
 + Level 3.8 Armour
 + Level 4.4 Dodging
 + Level 3.1 Stealth
 + Level 7.4 Unarmed Combat


You had 7 spell levels left.
You didn't know any spells.
Your spell library contained the following spells:

 Spells                   Type           Power      Damage    Failure   Level
 Corona                   Hex            0%         N/A       88%         1
 Ensorcelled Hibernation  Hex/Ice        0%         N/A       95%         2
 Passwall                 Tmut/Erth      0%         N/A       95%         2
 Gell's Gravitas          Tloc           0%         N/A       99%         3
 Swiftness                Air            0%         N/A       99%         3
 Teleport Other           Tloc           0%         N/A       99%         3
 Tukima's Dance           Hex            0%         N/A       99%         3
 Fireball                 Conj/Fire      0%         3d3       100%        5
 Iskenderun's Battlesphe  Conj           0%         2d6       100%        5
 Conjure Ball Lightning   Conj/Air       0%         3x3d6     100%        6
 Dispersal                Tloc           0%         N/A       100%        6
 Invisibility             Hex            0%         N/A       100%        6
 Orb of Destruction       Conj           0%         N/A       100%        7


Dungeon Overview and Level Annotations

Branches:
Dungeon (6/15)             Temple (0/1) D:4

Altars:
Hepliaklqana
Makhleb
Nemelex Xobeh
Ru
Sif Muna
Uskayaw
Yredelemnul
The Shining One

Shops:
D:3 *   D:5 *

Annotations:
D:6 Menkaure


Innate Abilities, Weirdness & Mutations

You thrive by killing the living.
You are immune to poison.
You have sharp fingernails.
Your flesh is cold resistant. (rC+)
You are immune to negative energy. (rN+++)
You do not regenerate when monsters are visible.
You are immune to unholy pain and torment.


Message History

You closely miss the wraith. The wraith closely misses you.
You scratch the wraith.
The wraith is lightly damaged.
The wraith hits you but does no damage. The wraith hits you!
The wraith drains your vigour!
You feel as though you will be slow longer.
You scratch the wraith but do no damage.
The wraith is lightly damaged.
The wraith hits you.
You closely miss the wraith.
The wraith is lightly damaged.
The wraith hits you.
You scratch the wraith.
The wraith is lightly damaged.
The wraith completely misses you. The wraith barely misses you.
You scratch the wraith. Your claw misses the wraith.
The wraith is lightly damaged.
The wraith hits you but does no damage. The wraith hits you.
The wraith closely misses you. The wraith hits you but does no damage.
The wraith closely misses you.
There is a stone staircase leading up here.
The wraith hits you!
* * * LOW HITPOINT WARNING * * *
The wraith drains your vigour!
You feel as though you will be slow longer.
The wraith hits you!
* * * LOW HITPOINT WARNING * * *
You fly upwards.
There is a stone staircase leading down here.
The wraith hits you.
* * * LOW HITPOINT WARNING * * *
The wraith barely misses you. The wraith closely misses you.
The wraith hits you.
* * * LOW HITPOINT WARNING * * *
The wraith closely misses you. The wraith hits you.
You die...

.#...........# #.............###
.######......# #..........)..# .#
#......# #.............#
.######......## #.............#
......+.......# #.............#
...####)....#.###.............#
...####.....#..##.............#
......#....###..#W............#
......#...##.##.@.............#
......#..##...##..............#
........#'.....##.............#
.......##.......##............#
.....###...._....###...####'###
.......##.......##...### #.#####
........##.....##..### #......
......#..##...##..#########..####
..........##.##..............#


You could see a wraith.

Vanquished Creatures
  A hornet (D:4)
  Sigmund (D:3)
  Purgy (D:4)
  3 lemures (D:5)
  A phantom (D:5)
  A bullfrog (D:5)
  2 scorpions (D:4)
  A centaur zombie (D:4)
  A hound (D:5)
  2 orc priests (D:4)
  A centaur skeleton (D:5)
  A bullfrog skeleton (D:5)
  Jessica (D:2)
  2 iguanas
  A hound skeleton (D:4)
  A howler monkey zombie (D:5)
  6 gnolls (D:5)
  2 adders (D:2)
  An ufetubus (D:5)
  2 adder skeletons (D:4)
  3 dart slugs
  2 worms (D:2)
  12 orcs
  12 ball pythons
  2 endoplasms
  6 giant cockroaches
  3 goblins
  6 hobgoblins
  11 jackals
  4 kobolds
  2 quokkas
  5 bats
  14 frilled lizards
  10 rats
124 creatures vanquished.

Vanquished Creatures (others)
  7 plants
7 creatures vanquished.

Grand Total: 131 creatures vanquished

Notes
Turn   | Place    | Note
-------+----------+-------------------------------------------
     0 | D:1      | hamarrboo the Ghoul Monk began the quest for the Orb.
     0 | D:1      | Reached XP level 1. HP: 19/19 MP: 0/0
   123 | D:1      | Reached XP level 2. HP: 22/26 MP: 1/1
   548 | D:1      | Reached XP level 3. HP: 31/31 MP: 2/2
   600 | D:1      | Found a faded altar of an unknown god.
  1020 | D:2      | Noticed Jessica
  1028 | D:2      | Reached skill level 4 in Unarmed Combat
  1044 | D:2      | Killed Jessica
  1045 | D:2      | Reached XP level 4. HP: 20/40 MP: 3/3
  2546 | D:3      | Noticed Sigmund
  2557 | D:3      | Killed Sigmund
  2558 | D:3      | Reached skill level 1 in Armour
  2558 | D:3      | Reached skill level 5 in Unarmed Combat
  2558 | D:3      | Reached XP level 5. HP: 43/46 MP: 4/4
  2558 | D:3      | Reached XP level 6. HP: 48/52 MP: 5/5
  2748 | D:3      | Found Kaox's Assorted Antiques.
  3151 | D:4      | Found a sacrificial altar of Ru.
  3252 | D:5      | Entered Level 5 of the Dungeon
  3262 | D:4      | Reached skill level 1 in Throwing
  3524 | D:4      | Noticed Purgy
  3546 | D:4      | Killed Purgy
  3547 | D:4      | Reached XP level 7. HP: 39/58 MP: 6/6
  3752 | D:4      | Reached skill level 6 in Unarmed Combat
  3969 | D:5      | Found a basalt altar of Yredelemnul.
  3969 | D:5      | Found a shimmering blue altar of Sif Muna.
  3969 | D:5      | Found a sparkling altar of Nemelex Xobeh.
  4297 | D:4      | Found a staircase to the Ecumenical Temple.
  4297 | D:4      | Noticed a hornet
  4305 | D:4      | Killed a hornet
  4306 | D:4      | Reached XP level 8. HP: 47/66 MP: 7/7
  4570 | D:6      | Found a burning altar of Makhleb.
  4969 | D:5      | Reached skill level 7 in Unarmed Combat
  5174 | D:5      | Found Gelirhine's Elemental Accessories.
  5244 | D:6      | Noticed Menkaure
  5330 | D:5      | Found a faded altar of an unknown god.
  5330 | D:5      | Found a faded altar of an unknown god.
  5332 | D:5      | Found a hazy altar of Hepliaklqana.
  5355 | D:5      | Became a worshipper of Sif Muna the Loreminder
  5355 | D:5      | Reached * piety under Sif Muna
  5355 | D:5      | Reached ** piety under Sif Muna
  5362 | D:5      | Fell from the grace of Sif Muna
  5362 | D:5      | Became a worshipper of Uskayaw the Reveller
  5362 | D:5      | Reached * piety under Uskayaw
  5363 | D:5      | Fell from the grace of Uskayaw
  5872 | D:5      | Noticed a wraith
  5904 | D:4      | HP: 2/66 [wraith (3)]
  5910 | D:4      | HP: 1/66 [wraith (1)]
  5914 | D:4      | Slain by a wraith

Illustrated notes

Levels and vault maps discovered:
D:1:      eino_arrival_tree_alley, layout_basic,
          shapermc_ecumenical_altar_mp_highgroup
D:2:      layout_loops_ring, minivault_4, kennysheep_flooded_box, uniq_jessica
D:3:      layout_basic, serial_shops, shop, kennysheep_generic_room_6,
          uniq_sigmund
D:4:      layout_basic, tso_metal_star, lemuel_round_altar, temple_green,
          serial_rivers, chequers_serial_rivers_micro_e,
          chequers_serial_rivers_small_b, chequers_serial_rivers_micro_d,
          chequers_serial_rivers_micro_d, chequers_serial_rivers_small_3,
          minmay_lizard_king, uniq_purgy
D:5:      layout_loops_ring, chequers_temple_overflow_statue_of_worship,
          nicolae_hepliaklqana_ecumenical_no_more, serial_rivers,
          chequers_serial_rivers_room_b, chequers_serial_rivers_large_b,
          chequers_serial_rivers_room_a, chequers_serial_rivers_micro_c,
          chequers_serial_rivers_marsh, chequers_serial_rivers_small_b,
          nicolae_elemental_shop
D:6:      layout_loops_ring, lemuel_crystal_altar,
          fedhas_bush_and_centaur_altar, gup_ossuary_entry_pyramid,
          uniq_blork_the_orc, uniq_menkaure, uniq_pikel

Skill      XL: |  1  2  3  4  5  6  7  8 |
---------------+-------------------------+-----
Dodging        | 3 4 |  4.4
Unarmed Combat | 4 5 6 7 |  7.4
Armour         | 1 2 3 |  3.8
Throwing       | 1 2 3 |  3.1
Fighting       | 4 |  4.1
Stealth        | 3 |  3.1

Action                   |  1- 3 |  4- 6 |  7- 9 || total
-------------------------+-------+-------+-------++-------
Melee: Unarmed           |    99 |   164 |   191 ||   454
       Punch             |     3 |     2 |     5 ||    10
Throw: Dart              |       |    37 |    45 ||    82
Invok: Renounce Religion |       |       |     1 ||     1
 Stab: Sleeping          |       |     4 |       ||     4
Armor: Robe              |    27 |       |       ||    27
       Leather armour    |    22 |    24 |       ||    46
       Ring mail         |       |    30 |    16 ||    46
       Scale mail        |       |       |    61 ||    61
Dodge: Dodged            |   101 |    76 |    98 ||   275
